 Dungeon Sprint DCSS version 0.15-a0-1206-g3bad1a6 (webtiles) character file.

25600000 Infinimo the Axe Maniac (level 27, -1/248 (249) HPs)
             Began as a Formicid Warper on June 1, 2014.
             Was the Champion of Makhleb.
             Killed from afar by a vile (37 damage)
             ... with a foul vapour
             ... in the Dungeon (Sprint VIII: "Arena of Blood").
             The game lasted 00:03:14 (256 turns).

Infinimo the Axe Maniac (Formicid Warper)            Turns: 256, Time: 00:03:15

HP  -1/248 (249) AC  6     Str 19      XL: 27
MP  50/50        EV 34     Int 14      God: Makhleb [******]
Gold 0           SH  0     Dex 19      Spells:  4 memorised, 70 levels left

rFire  + . .     SeeInvis +     d - +∞ Axe of Woe
rCold  . . .     Clarity  .     b - +0 leather armour
rNeg   . . .     rCorr    .     (no shield)
rPois  .         rRot     .     (helmet unavailable)
rElec  .         Spirit   .     (no cloak)
SustAb .         Warding  .     (no gloves)
rMut   .         Stasis   +     (no boots)
Gourm  .                        (no amulet)
MR     ++...                    (no ring)
                                i - ring of protection from fire

@: lethally poisoned, very resistant to hostile enchantments, incredibly
stealthy
A: permanent stasis, dig shafts and tunnels, four strong arms, antennae 3
a: Dig, Minor Destruction, Lesser Servant of Makhleb, Major Destruction, Greater
Servant of Makhleb, Renounce Religion


You were in the Dungeon.
You worshipped Makhleb.
Makhleb was exalted by your worship.
You were hungry.

You visited 1 branch

Inventory:

Hand weapons
 a - a +0,+0 hand axe
 d - the +∞,+∞ Axe of Woe (weapon)
   (You found it in the Dungeon)
Missiles
 e - 5 tomahawks (quivered)
Armour
 b - a +0 leather armour (worn)
Jewellery
 i - a ring of protection from fire (left hand)
Potions
 g - a potion of curing
 h - a potion of heal wounds
 j - 2 potions of magic
Books
 c - a book of Spatial Translocations

   Spells                             Type                      Level
   *Apportation                       Translocation                1
   Blink                              Translocation                2
   *Shroud of Golubria                Charms/Translocation         2
   Portal Projectile                  Translocation                3
   *Teleport Other                    Translocation                3
   *Passage of Golubria               Translocation                4


   Skills:
 O Level 27 Fighting
 O Level 27 Axes
 O Level 27 Throwing
 O Level 27 Armour
 O Level 27 Dodging
 O Level 27 Stealth
 O Level 27 Unarmed Combat
 O Level 27 Spellcasting
 + Level 13.0 Charms
 O Level 27 Translocations
 O Level 27 Invocations


You had 70 spell levels left.
You knew the following spells:

 Your Spells              Type           Power        Failure   Level  Hunger
a - Apportation           Tloc           #######...   0%          1    None
b - Shroud of Golubria    Chrm/Tloc      ######....   0%          2    None
c - Teleport Other        Tloc           #######.     0%          3    None
d - Passage of Golubria   Tloc           N/A          0%          4    None


Dungeon Overview and Level Annotations

Branches:
Dungeon (1/1)

Altars:
Makhleb


Innate Abilities, Weirdness & Mutations

Your are under a permanent stasis effect.
You can dig through walls and to a lower floor.
Your four strong arms can wield two-handed weapons with a shield.
You have a pair of large antennae on your head (SInv).


Message History

You are more poisoned.
You feel very sick.
You hear a shout!
Some rock shatters into small pieces.
The vile throws hellfire at you.
The hellfire explodes!
The burst of hellfire engulfs you!
Some rock shatters into small pieces.
You hear a shout!
The vile throws hellfire at you.
The hellfire explodes!
The burst of hellfire engulfs you! The observer gazes at you.
Something smites you! The vile throws hellfire at you.
The hellfire explodes!
The burst of hellfire engulfs you!
* * * LOW HITPOINT WARNING * * *
You hear a shout! x2
The vile throws miasma at you.
The foul vapour hits the vile.
The vile completely resists.
The foul vapour hits you!
You are more poisoned.
You die... #.# V #.# .oop #.# .o.oo #.# ODL9Do #.# Go.SO. . #.# .GoG#

. #.# .§9o##
#.###########§§99z#W9
#.........§§@§§o99O.#
#############§§2o..#.
§§S..W9


o9GW#Go . .O.Sx.G . .....G ..... .... 9 You could see a meat beast, a tyrant, 2
eight-headed meat hydras, a destroyer, 7 observers, 3 scourges, a fleshlord, a
sculptor of flesh, 2 lost souls, a dread (wandering), 10 viles, 4 meat
berserkers, a small abomination and 13 bags of meat.

Vanquished Creatures
  5 hill giants (D)
  16 ogres (D)
  48 orcs (D)
  7 vampire knights (D)
  2 crawling corpses (D)
78 creatures vanquished.

Vanquished Creatures (others)
  5 crawling corpses (D)
5 creatures vanquished.

Grand Total: 83 creatures vanquished

Notes
Turn   | Place    | Note
--------------------------------------------------------------
     0 | D        | Infinimo, the Formicid Warper, began the quest for the Orb.
     0 | D        | Reached XP level 1. HP: 16/16 MP: 3/3
     2 | D        | Noticed a bag of meat
     2 | D        | Noticed a bag of meat
     2 | D        | Noticed a meat berserker
     4 | D        | Became a worshipper of Makhleb the Destroyer
     5 | D        | Noticed a bag of meat
     5 | D        | Noticed a bag of meat
     5 | D        | Noticed a bag of meat
     6 | D        | Killed a bag of meat
     6 | D        | Reached skill level 24 in Axes
     6 | D        | Reached XP level 2. HP: 22/22 MP: 5/5
     6 | D        | Reached XP level 3. HP: 27/27 MP: 7/7
     6 | D        | Reached XP level 4. HP: 33/33 MP: 8/8
     6 | D        | Reached XP level 5. HP: 38/38 MP: 11/11
     6 | D        | Reached XP level 6. HP: 44/44 MP: 12/12
     6 | D        | Reached XP level 7. HP: 50/50 MP: 14/14
     6 | D        | Reached XP level 8. HP: 56/56 MP: 16/16
     6 | D        | Reached XP level 9. HP: 61/61 MP: 18/18
     6 | D        | Reached XP level 10. HP: 67/67 MP: 18/18
     6 | D        | Reached XP level 11. HP: 72/72 MP: 20/20
     6 | D        | Killed a meat berserker
     6 | D        | Acquired Makhleb's first power
     6 | D        | Reached skill level 27 in Axes
     6 | D        | Reached skill level 5 in Dodging
     6 | D        | Reached XP level 12. HP: 77/89 MP: 21/21
     6 | D        | Reached XP level 13. HP: 82/95 MP: 22/22
     7 | D        | Noticed a bag of meat
     7 | D        | Killed a bag of meat
     7 | D        | Reached skill level 10 in Dodging
     8 | D        | Noticed a bag of meat
     9 | D        | Noticed a bag of meat
    10 | D        | Noticed a bag of meat
    11 | D        | Noticed a bag of meat
    11 | D        | Noticed a bag of meat
    11 | D        | Noticed a meat berserker
    11 | D        | Killed a bag of meat
    11 | D        | Reached XP level 14. HP: 70/121 MP: 23/23
    11 | D        | Killed a bag of meat
    11 | D        | Acquired Makhleb's second power
    11 | D        | Reached XP level 15. HP: 73/132 MP: 24/24
    11 | D        | Killed a bag of meat
    11 | D        | Reached skill level 15 in Dodging
    12 | D        | Killed a meat berserker
    13 | D        | Noticed a meat berserker
    13 | D        | Noticed a bag of meat
    13 | D        | Noticed a meat berserker
    13 | D        | Killed a bag of meat
    13 | D        | Acquired Makhleb's third power
    13 | D        | Reached XP level 16. HP: 117/150 MP: 24/24
    14 | D        | Killed a meat berserker
    14 | D        | Killed a bag of meat
    15 | D        | Noticed a bag of meat
    15 | D        | Noticed a meat berserker
    15 | D        | Noticed a bag of meat
    15 | D        | Noticed a bag of meat
    17 | D        | Noticed a meat berserker
    17 | D        | Killed a bag of meat
    17 | D        | Acquired Makhleb's fourth power
    17 | D        | Reached XP level 17. HP: 88/164 MP: 25/25
    17 | D        | Killed a meat berserker
    17 | D        | Killed a bag of meat
    18 | D        | Noticed a bag of meat
    18 | D        | Noticed a meat berserker
    19 | D        | Noticed a bag of meat
    19 | D        | Noticed a bag of meat
    19 | D        | Killed a bag of meat
    19 | D        | Reached XP level 18. HP: 176/179 MP: 26/26
    19 | D        | Killed a bag of meat
    19 | D        | Acquired Makhleb's fifth power
    19 | D        | Killed a bag of meat
    19 | D        | Reached skill level 27 in Fighting
    19 | D        | Reached skill level 27 in Armour
    19 | D        | Killed a bag of meat
    20 | D        | Noticed a meat berserker
    21 | D        | Noticed a large bag of meat
    21 | D        | Noticed a bag of meat
    21 | D        | Noticed a large bag of meat
    21 | D        | Noticed a bag of meat
    21 | D        | Noticed a bag of meat
    21 | D        | Noticed a bag of meat
    21 | D        | Noticed a bag of meat
    21 | D        | Noticed a meat berserker
    22 | D        | Noticed a bag of meat
    22 | D        | Noticed a bag of meat
    22 | D        | Noticed a bag of meat
    22 | D        | Noticed a bag of meat
    22 | D        | Killed a bag of meat
    22 | D        | Reached skill level 27 in Dodging
    22 | D        | Reached XP level 19. HP: 77/189 MP: 26/33
    22 | D        | Killed a meat berserker
    22 | D        | Killed a bag of meat
    22 | D        | Killed a meat berserker
    22 | D        | Reached skill level 15 in Translocations
    22 | D        | Killed a meat berserker
    23 | D        | Noticed a destroyer
    23 | D        | Noticed a bag of meat
    23 | D        | Noticed a bag of meat
    23 | D        | Noticed a meat berserker
    23 | D        | Noticed a destroyer
    23 | D        | Noticed a bag of meat
    24 | D        | Noticed a bag of meat
    24 | D        | Noticed a bag of meat
    24 | D        | Noticed a bag of meat
    24 | D        | Noticed a bag of meat
    24 | D        | Noticed a bag of meat
    24 | D        | Killed a meat berserker
    24 | D        | Reached XP level 20. HP: 189/197 MP: 26/43
    24 | D        | Killed a meat berserker
    25 | D        | Noticed a bag of meat
    25 | D        | Killed a bag of meat
    25 | D        | Killed a bag of meat
    25 | D        | Killed a large bag of meat
    26 | D        | Noticed a bag of meat
    26 | D        | Noticed a bag of meat
    26 | D        | Noticed a bag of meat
    26 | D        | Noticed a destroyer
    26 | D        | Noticed a meat berserker
    26 | D        | Noticed a large bag of meat
    27 | D        | Noticed a large bag of meat
    27 | D        | Killed a large bag of meat
    27 | D        | Reached XP level 21. HP: 124/204 MP: 27/47
    27 | D        | Killed a destroyer
    27 | D        | Killed a bag of meat
    27 | D        | Reached skill level 27 in Spellcasting
    27 | D        | Killed a bag of meat
    27 | D        | Reached skill level 27 in Translocations
    27 | D        | Reached skill level 5 in Invocations
    27 | D        | Killed a bag of meat
    27 | D        | Reached skill level 10 in Stealth
    28 | D        | Killed a bag of meat
    28 | D        | Reached skill level 10 in Unarmed Combat
    28 | D        | Killed a bag of meat
    28 | D        | Reached skill level 10 in Throwing
    28 | D        | Reached skill level 15 in Stealth
    28 | D        | Reached XP level 22. HP: 212/212 MP: 27/48
    28 | D        | Killed a bag of meat
    28 | D        | Reached skill level 15 in Invocations
    28 | D        | Killed a bag of meat
    28 | D        | Killed a bag of meat
    28 | D        | Reached skill level 15 in Unarmed Combat
    29 | D        | Noticed a destroyer
    29 | D        | Noticed a meat berserker
    29 | D        | Killed a large bag of meat
    29 | D        | Killed a meat berserker
    29 | D        | Killed a bag of meat
    29 | D        | Reached skill level 15 in Throwing
    30 | D        | Killed a bag of meat
    30 | D        | Killed a bag of meat
    30 | D        | Reached XP level 23. HP: 219/219 MP: 27/48
    30 | D        | Killed a bag of meat
    30 | D        | Killed a bag of meat
    31 | D        | Noticed a large bag of meat
    31 | D        | Noticed a bag of meat
    31 | D        | Noticed a bag of meat
    32 | D        | Killed a meat berserker
    32 | D        | Killed a destroyer
    32 | D        | Reached skill level 27 in Stealth
    32 | D        | Killed a bag of meat
    32 | D        | Killed a bag of meat
    32 | D        | Reached skill level 27 in Invocations
    32 | D        | Killed a bag of meat
    32 | D        | Reached XP level 24. HP: 227/227 MP: 28/49
    33 | D        | Noticed a bag of meat
    33 | D        | Killed a bag of meat
    33 | D        | Killed a destroyer
    33 | D        | Killed a large bag of meat
    33 | D        | Reached skill level 27 in Unarmed Combat
    33 | D        | Killed a meat berserker
    33 | D        | Killed a destroyer
    33 | D        | Reached skill level 27 in Throwing
    35 | D        | Noticed a destroyer
    35 | D        | Noticed a meat berserker
    35 | D        | Noticed a bag of meat
    36 | D        | Killed a bag of meat
    36 | D        | Killed a bag of meat
    36 | D        | Killed a bag of meat
    36 | D        | Reached XP level 25. HP: 234/234 MP: 29/49
    37 | D        | Noticed a destroyer
    37 | D        | Killed a bag of meat
    37 | D        | Killed a bag of meat
    37 | D        | Killed a bag of meat
    37 | D        | Killed a bag of meat
    38 | D        | Noticed a meat berserker
    38 | D        | Noticed a bag of meat
    38 | D        | Noticed a bag of meat
    39 | D        | Noticed a bag of meat
    39 | D        | Killed a meat berserker
    40 | D        | Killed a large bag of meat
    41 | D        | Noticed a sculptor of flesh
    41 | D        | Killed a meat berserker
    42 | D        | Noticed a bag of meat
    42 | D        | Noticed a bag of meat
    43 | D        | Noticed a bag of meat
    43 | D        | Noticed a bag of meat
    43 | D        | Noticed a destroyer
    44 | D        | Noticed a sculptor of flesh
    45 | D        | Noticed a destroyer
    46 | D        | Noticed a meat berserker
    47 | D        | Killed a bag of meat
    47 | D        | Reached XP level 26. HP: 242/242 MP: 32/50
    47 | D        | Killed a destroyer
    48 | D        | Noticed a bag of meat
    48 | D        | Noticed a bag of meat
    49 | D        | Killed a meat berserker
    50 | D        | Noticed a meat berserker
    51 | D        | Noticed a destroyer
    51 | D        | Noticed a tyrant
    51 | D        | Killed a destroyer
    51 | D        | Killed a bag of meat
    51 | D        | Killed a bag of meat
    52 | D        | Noticed a bag of meat
    52 | D        | Noticed a bag of meat
    52 | D        | Noticed a meat berserker
    52 | D        | Killed a bag of meat
    52 | D        | Killed a bag of meat
    52 | D        | Killed a destroyer
    52 | D        | Killed a bag of meat
    52 | D        | Reached XP level 27. HP: 249/249 MP: 33/50
    66 | D        | Killed a bag of meat
   108 | D        | Learned a level 2 spell: Shroud of Golubria
   112 | D        | Learned a level 3 spell: Teleport Other
   117 | D        | Learned a level 4 spell: Passage of Golubria
   255 | D        | Noticed a bag of meat
   255 | D        | Noticed a bag of meat
   255 | D        | Noticed a bag of meat
   255 | D        | Noticed a bag of meat
   255 | D        | Noticed a bag of meat
   255 | D        | Noticed a bag of meat
   255 | D        | Noticed a bag of meat
   255 | D        | Noticed a sculptor of flesh
   255 | D        | Noticed a bag of meat
   255 | D        | Noticed a bag of meat
   255 | D        | Noticed a bag of meat
   255 | D        | Noticed a bag of meat
   255 | D        | Noticed a meat berserker
   255 | D        | Noticed a bag of meat
   255 | D        | Noticed a meat berserker
   255 | D        | Noticed a lost soul
   255 | D        | Noticed a meat beast
   255 | D        | Noticed an observer
   255 | D        | Noticed a tyrant
   255 | D        | Noticed an observer
   255 | D        | Noticed an observer
   255 | D        | Noticed a scourge
   255 | D        | Noticed a scourge
   255 | D        | Noticed a fleshlord
   255 | D        | Noticed an observer
   255 | D        | Noticed an observer
   255 | D        | Noticed an observer
   255 | D        | Noticed a lost soul
   255 | D        | Noticed a scourge
   255 | D        | Noticed a dread
   255 | D        | Noticed an observer
   255 | D        | Noticed a vile
   255 | D        | Noticed a vile
   255 | D        | Noticed a vile
   255 | D        | Noticed a vile
   255 | D        | Noticed a vile
   255 | D        | Noticed a vile
   255 | D        | Noticed a vile
   256 | D        | Noticed a meat berserker
   256 | D        | Noticed a destroyer
   256 | D        | Noticed a meat berserker
   256 | D        | Noticed a vile
   256 | D        | Noticed a vile
   256 | D        | Killed a meat berserker
   256 | D        | Killed from afar by a vile

Action                   |  1- 3 |  4- 6 |  7- 9 | 10-12 | 13-15 | 16-18 | 19-21 | 22-24 | 25-27 || total
-------------------------+-------+-------+-------+-------+-------+-------+-------+-------+-------++-------
Melee: Executioner's axe |     1 |       |       |       |     4 |     4 |     4 |     5 |    10 ||    28
 Cast: Shroud of Golubri |       |       |       |       |       |       |       |       |     1 ||     1
 Abil: Dig               |       |       |       |       |     1 |       |       |       |     3 ||     4
